 Dungeon Crawl Stone Soup version 0.22-a0-44-geb883ae (webtiles) character file.

35 Halberto the Conjurer (level 3, 0/26 HPs)
             Began as a Draconian Conjurer on Jan 6, 2018.
             Was an Initiate of Vehumet.
             Slain by Halberto's ghost (26 damage)
             ... on level 4 of the Dungeon.
             The game lasted 00:10:48 (2069 turns).

Halberto the Conjurer (Draconian Conjurer)          Turns: 2069, Time: 00:10:49

Health: 0/26       AC:  5    Str: 10    XL:     3   Next: 16%
Magic:  2/6        EV: 12    Int: 16    God:    Vehumet [......]
Gold:   85         SH:  0    Dex: 11    Spells: 3/6 levels left

rFire    . . .     SeeInvis .   k - +0 short sword
rCold    . . .     Gourm    .   (no shield)
rNeg     . . .     Faith    .   (armour unavailable)
rPois    .         Spirit   .   (helmet restricted)
rElec    .         Reflect  .   (no cloak)
rCorr    .         Harm     .   (no gloves)
MR       .....                  (no boots)
Stlth    ++........             (no amulet)
HPRegen  0.08/turn              (no ring)
MPRegen  0.10/turn              (no ring)

@: no status effects
A: unfitting armour, cold-blooded, AC +5
a: Renounce Religion


You were on level 4 of the Dungeon.
You worshipped Vehumet.
Vehumet was noncommittal.
You were very hungry.

You visited 1 branch of the dungeon, and saw 3 of its levels.

You collected 85 gold pieces.

Inventory:

Hand Weapons
 k - a +0 short sword (weapon)
Scrolls
 e - a scroll of identify {unknown}
 f - 2 scrolls of remove curse {unknown}
 h - a scroll of magic mapping {unknown}
 i - a scroll of teleportation {unknown}
Potions
 c - 2 potions of curing {unknown}
 d - a potion of heal wounds {unknown}
 g - a potion of degeneration {unknown}
 j - 2 potions of mutation {unknown}
Books
 a - a book of Conjurations

   Spells                             Type                      Level
   a - Magic Dart                     Conjuration                  1
   b - Searing Ray                    Conjuration                  2
   c - Dazzling Spray                 Conjuration/Hexes            3
   d - Fulminant Prism                Conjuration/Hexes            4
   e - Force Lance                    Conjuration/Translocation    4
   f - Iskenderun's Mystic Blast      Conjuration                  4
Comestibles
 b - 8 rations


   Skills:
 - Level 1.7 Dodging
 - Level 1.7 Stealth
 + Level 2.4 Spellcasting
 + Level 4.8 Conjurations


You had 3 spell levels left.
You knew the following spells:

 Your Spells              Type           Power        Failure   Level  Hunger
a - Magic Dart            Conj           ###.         2%          1    #......
b - Searing Ray           Conj           ###...       4%          2    ###....


Dungeon Overview and Level Annotations

Branches:
Dungeon (2/15)

Altars:
Kikubaaqudgha
Vehumet
Wu Jian

Annotations:
D:4 Halberto's ghost, novice MfBe


Innate Abilities, Weirdness & Mutations

Your plain brown scales are hard. (AC +5)
You cannot fit into any form of body armour.
You are cold-blooded and may be slowed by cold attacks.


Message History

Confirm with . or Enter, or press ? or * to list all spells.
You can't see any susceptible monsters within range! (Use Z to cast anyway.) Unknown command.
j - 2 inky potions (gained 1)
Casting: Searing Ray
Confirm with . or Enter, or press ? or * to list all spells.
Aiming: Searing Ray
Press: ? - help, Shift-Dir - straight line, f - Halberto's ghost
Aim: Halberto's ghost (hasn't noticed you)
The searing ray hits Halberto's ghost.
Halberto's ghost is lightly damaged.
Halberto's ghost turns its malevolent gaze towards you. (Press . to maintain the ray.)
The searing ray hits Halberto's ghost.
Halberto's ghost is lightly damaged.
The searing ray hits Halberto's ghost.
Halberto's ghost is lightly damaged.
Halberto's ghost hits you!!
Ouch! That really hurt!
You die...

.### ... ##.. #
...# .##.
#..####.....
#...W.....#
.#####.@#.#
..........#
.#######......#
.....## ....##
...## ..## ###


You could see Halberto's ghost.

Vanquished Creatures
  An adder (D:2)
  A dart slug (D:2)
  A leopard gecko (D:2)
  5 bats (D:1)
  2 giant cockroaches
  A goblin (D:1)
  2 hobgoblins
  2 jackals (D:1)
  2 ball pythons (D:1)
  A frilled lizard (D:2)
  2 kobolds
  3 rats (D:1)
23 creatures vanquished.

Notes
Turn   | Place    | Note
-------+----------+-------------------------------------------
     0 | D:1      | Halberto the Draconian Conjurer began the quest for the Orb.
     0 | D:1      | Reached XP level 1. HP: 14/14 MP: 3/3
   473 | D:1      | Reached XP level 2. HP: 20/20 MP: 0/5
   624 | D:1      | Learned a level 2 spell: Searing Ray
  1380 | D:2      | Reached XP level 3. HP: 10/26 MP: 0/6
  1734 | D:2      | Found a faded altar of an unknown god.
  1734 | D:2      | Found an ancient bone altar of Kikubaaqudgha.
  1739 | D:2      | Found an ornate altar of the Wu Jian Council.
  1745 | D:2      | Found a faded altar of an unknown god.
  1809 | D:2      | Found a radiant altar of Vehumet.
  1884 | D:2      | Became a worshipper of Vehumet
  2064 | D:2      | You fall through a shaft for 2 floors!
  2065 | D:4      | Noticed Halberto's ghost (novice MfBe)
  2069 | D:4      | Slain by Halberto's ghost

Vault maps used:
D:1:      scummos_arrival_gate, supply_closet_lemuel
D:2:      chequers_temple_overflow_minitemple, first_ration
D:4:      minmay_goblin_kobold_castle, nicolae_gozag_zags_fifth_avenue,
          minmay_temple_entry_overgrown, nrook_mini_backslash,
          nrook_loot_triangle, minmay_a_box_with_orc_wizards_in_it

Action                   || total
-------------------------++-------
Melee: Unarmed           ||    22
       Tailslap          ||     3
 Cast: Magic Dart        ||    41
       Searing Ray       ||     3
  Eat: Chunk             ||     3
Armor: Skin              ||    22
Dodge: Dodged            ||    38

Table legend:
 A = Spawn XP
 B = Non-spawn XP
 C = Spawn XP percentage of total XP
 D = Spawn monster count
 E = Non-spawn monster count
 F = Spawn count percentage of total count
 G = Total turns spent on level
                    A         B        C        D         E        F      G
               +---------+---------+-------+---------+---------+-------+---------
         Total |       0 |      50 |   0.0 |       0 |      23 |   0.0 |  2069
               +---------+---------+-------+---------+---------+-------+---------
           D:1 |       0 |      23 |   0.0 |       0 |      16 |   0.0 |   943
           D:2 |       0 |      27 |   0.0 |       0 |       7 |   0.0 |  1121
               +---------+---------+-------+---------+---------+-------+---------
